AoeStats
← KaLong

Oasis

507674647Analyzed
4v4 RM · 14d ago on Sep 19, 2026· 22m 26s· 8 players
Game mode
Random Map
Map size
Large (8 player)
Population
200
Speed
Normal
Resources
Standard
Victory
Conquest
Starting age
Dark Age
Ending age
Imperial Age
RankedLock teamsTeams togetherTeam positionsShared explorationLock speedFull tech treeHidden civsTurbo modeCheats
Victory
Defeat
🇨🇳 Vikings · China
1589
+12
🇨🇳 Koreans · China
1475
+17
🇯🇵 Bengalis · Japan
1455
+17
🇯🇵 Italians · Japan
1452
+18
🇺🇸 Chinese · United States
1528
-17
🇦🇹 Muisca · Austria
1506
-17
🇺🇸 Sicilians · United States
1477
-15
🇺🇸 Burmese · United States
1459
-15
Sandwich
9:04 Feudal Age
10:33 Double-Bit Axe
12:15 Fletching
12:36 Horse Collar
14:21 Padded Archer Armor
22:24 Castle Age
21:37 Gold Mining
ふぁいやー
8:28 Feudal Age
12:30 Horse Collar
19:39 Wheelbarrow
22:43 Castle Age
21:38 Bloodlines
21:36 Scale Barding Armor
21:55 Gold Mining
22:06 Scale Mail Armor
21:52 Double-Bit Axe
Odd's
5:47 Loom
10:37 Feudal Age
11:18 Double-Bit Axe
14:36 Fletching
16:12 Padded Archer Armor
18:10 Wheelbarrow
23:35 Castle Age
21:30 Gold Mining
21:42 Horse Collar
Yuzu
11:14 Feudal Age
13:26 Loom
16:07 Castle Age
14:15 Double-Bit Axe
14:28 Horse Collar
15:19 Gold Mining
16:57 Fletching
18:00 Wheelbarrow
18:33 Bodkin Arrow
22:24 Bow Saw
BomBomB0
0:26 Loom
12:20 Feudal Age
12:55 Double-Bit Axe
14:25 Horse Collar
19:13 Wheelbarrow
20:35 Fletching
21:41 Town Watch
jaktol
6:32 Loom
9:35 Feudal Age
9:46 Champi Runner
10:59 Double-Bit Axe
10:54 Horse Collar
14:43 Fletching
16:05 Padded Archer Armor
17:59 Gold Mining
18:55 Wheelbarrow
23:53 Castle Age
Morningstar
9:19 Loom
11:37 Feudal Age
12:14 Horse Collar
12:35 Double-Bit Axe
20:04 Castle Age
18:35 Gold Mining
19:34 Bloodlines
20:23 Scale Barding Armor
20:53 Heavy Plow
21:04 Husbandry
22:05 Forging
KaLong
4:37 Loom
10:05 Feudal Age
14:19 Fletching
Connection lost

Rejoining the realm…

Still unreachable

The connection could not be restored.

Session expired

The server has moved on; the page needs a fresh start.